 Dungeon Crawl Stone Soup version 0.22-a0-362-g535178c5c5 (webtiles) character file.

587 Manul the Shield-Bearer (level 7, 0/52 HPs)
             Began as a Demonspawn Fighter on Apr 21, 2018.
             Was an Initiate of Gozag.
             Slain by Pikel
             ... wielding a +1 whip of freezing
              (1 damage)
             ... on level 5 of the Dungeon.
             The game lasted 00:06:16 (4555 turns).

Manul the Shield-Bearer (Demonspawn Fighter)        Turns: 4555, Time: 00:06:16

Health: 0/52       AC:  7    Str: 18    XL:     7   Next: 15%
Magic:  7/7        EV:  8    Int: 10    God:    Gozag
Gold:   168        SH: 16    Dex: 12    Spells: 6/6 levels left

rFire    + . .     SeeInvis .     - Unarmed
rCold    + . .     Gourm    .   b - +1 shield
rNeg     . . .     Faith    .   a - +0 scale mail
rPois    +         Spirit   .   (no helmet)
rElec    +         Reflect  .   (no cloak)
rCorr    +         Harm     .   (no gloves)
MR       .....                  (no boots)
Stlth    +.........             (no amulet)
HPRegen  0.17/turn              (no ring)
MPRegen  0.10/turn              (no ring)

@: resistant
A: talons 1, large bone plates 2, nightstalker 1, powered by pain 1
a: Potion Petition, Call Merchant, Bribe Branch, Renounce Religion


You were on level 5 of the Dungeon.
You worshipped Gozag.
Gozag was aware of your devotion.
You were not hungry.

You visited 1 branch of the dungeon, and saw 5 of its levels.

You collected 209 gold pieces.
You paid 41 gold pieces to Gozag.

Inventory:

Armour
 a - a +0 scale mail (worn)
 b - a +1 shield (worn)
Scrolls
 h - 3 scrolls of identify
Potions
 e - a potion of magic
Comestibles
 d - 5 rations


   Skills:
 + Level 3.5 Fighting
 + Level 4.1 Armour
 + Level 1.7 Dodging
 + Level 0.3 Stealth
 + Level 4.8 Shields
 + Level 4.1 Unarmed Combat


You had 6 spell levels left.
You didn't know any spells.

Dungeon Overview and Level Annotations

Branches:
Dungeon (5/15)
 Temple: D:4-7

Altars:
Ashenzari
Dithmenos
Gozag

Shops:
D:4 *

Annotations:
D:4 Dowan, Duvessa
D:5 Pikel


Innate Abilities, Weirdness & Mutations

You have sharp toenails.
You are mostly covered in large bone plates. (SH +6)
You are slightly more attuned to the shadows.
You sometimes gain a little power by taking damage.


Message History

Pikel is moderately wounded.
Pikel hits you with a whip of freezing.
* * * LOW HITPOINT WARNING * * *
Pikel freezes you.
* * * LOW HITPOINT WARNING * * *
You barely miss Pikel. You claw Pikel.
Pikel is heavily wounded.
You block Pikel's attack.
Unknown command.
You closely miss Pikel. You claw Pikel, but do no damage.
Pikel is heavily wounded.
You block Pikel's attack.
You closely miss Pikel. Your kick misses Pikel.
Pikel is heavily wounded.
You block Pikel's attack. Pikel hits you with a whip of freezing.
* * * LOW HITPOINT WARNING * * *
Pikel freezes you.
You die...
Your body crumbles into a pile of gold.

#..............
#.......######.
#.......#
#.......#
#.......#
#.......#
##p######..
#.K.......
#..@......
#.........
#.....##..
#######


You could see Pikel and a slave.

Vanquished Creatures
  2 scorpions
  A jelly (D:5)
  A centaur zombie (D:5)
  A crimson imp (D:2)
  5 orc wizards
  A hound (D:4)
  3 gnolls (D:3)
  10 adders
  An ooze (D:1)
  A worm (D:3)
  A dart slug (D:2)
  3 leopard geckos
  8 orcs
  5 giant cockroaches
  5 goblins
  4 hobgoblins
  8 jackals
  3 quokkas
  A ball python (D:5)
  6 bats
  8 frilled lizards
  A jackal skeleton (D:3)
  11 kobolds
  5 rats
95 creatures vanquished.

Notes
Turn   | Place    | Note
-------+----------+-------------------------------------------
     0 | D:1      | Manul the Demonspawn Fighter began the quest for the Orb.
     0 | D:1      | Reached XP level 1. HP: 18/18 MP: 1/1
   126 | D:1      | Gained mutation: You are partially covered in large bone plates. (SH +4) [demonic ancestry]
   126 | D:1      | Reached XP level 2. HP: 18/24 MP: 2/2
   895 | D:1      | Gained mutation: You have sharp toenails. [demonic ancestry]
   895 | D:1      | Reached XP level 3. HP: 29/29 MP: 3/3
  1154 | D:2      | Reached XP level 4. HP: 32/35 MP: 4/4
  1303 | D:2      | Gained mutation: You sometimes gain a little power by taking damage. [demonic ancestry]
  1303 | D:2      | Reached XP level 5. HP: 4/41 MP: 5/5
  1309 | D:2      | Reached skill level 1 in Dodging
  2102 | D:3      | Gained mutation: You are mostly covered in large bone plates. (SH +6) [demonic ancestry]
  2102 | D:3      | Reached XP level 6. HP: 36/47 MP: 6/6
  2455 | D:3      | Found a shattered altar of Ashenzari.
  3059 | D:3      | Noticed a wyvern
  3355 | D:4      | Found a shadowy altar of Dithmenos.
  3382 | D:4      | Noticed Duvessa
  3382 | D:4      | Noticed Dowan
  3424 | D:4      | Found Gozag's Platinum Reserve.
  3428 | D:4      | Found an opulent altar of Gozag.
  3454 | D:4      | Became a worshipper of Gozag Ym Sagoz the Greedy
  3609 | D:5      | Entered Level 5 of the Dungeon
  3785 | D:5      | Noticed a slave
  3785 | D:5      | Noticed a slave
  3786 | D:5      | Noticed a slave
  3786 | D:5      | Noticed Pikel
  3787 | D:5      | Noticed a slave
  4260 | D:5      | Gained mutation: You are slightly more attuned to the shadows. [demonic ancestry]
  4260 | D:5      | Reached XP level 7. HP: 39/52 MP: 7/7
  4555 | D:5      | HP: 1/52 [Pikel/whip of freezing (4)]
  4555 | D:5      | Slain by Pikel

Vault maps used:
D:1:      mrwooster_arrival_statue, minmay_misc_feat_four_crosses,
          skrybe_limestone_x, minmay_cupped
D:3:      evilmike_ruin_ashenzari
D:4:      nicolae_gozag_zags_fifth_avenue, first_ration, grunt_dithmenos_smoke,
          uniq_duvessa
D:5:      wad_river_or_something, okawaru_metal_pillars_1_2,
          kennysheep_mini_moat, chei_slow_surprise, uniq_pikel, uniq_sigmund

Skill      XL: |  1  2  3  4  5  6  7 |
---------------+----------------------+-----
Unarmed Combat | 2 3 4 |  4.1
Shields        | 3 4 |  4.8
Armour         | 3 4 |  4.1
Dodging        | 1 |  1.7
Fighting       | |  3.5
Stealth        | |  0.3

Action                   |  1- 3 |  4- 6 |  7- 9 || total
-------------------------+-------+-------+-------++-------
Melee: Unarmed           |   206 |   310 |    65 ||   581
       Kick              |    11 |    71 |    15 ||    97
Invok: Potion Petition   |       |       |     1 ||     1
  Use: Potion            |       |     6 |     1 ||     7
       Scroll            |       |     9 |     1 ||    10
 Stab: Invisible         |       |       |     1 ||     1
  Eat: Chunk             |     1 |     5 |       ||     6
       Ration            |       |     2 |       ||     2
Armor: Scale mail        |    74 |    82 |     9 ||   165
Dodge: Dodged            |    54 |    54 |    15 ||   123
Block: Shield            |   120 |   228 |    54 ||   402

Table legend:
 A = Spawn XP
 B = Non-spawn XP
 C = Spawn XP percentage of total XP
 D = Spawn monster count
 E = Non-spawn monster count
 F = Spawn count percentage of total count
 G = Total turns spent on level
                    A         B        C        D         E        F      G
               +---------+---------+-------+---------+---------+-------+---------
         Total |       0 |     839 |   0.0 |       0 |      95 |   0.0 |  4555
               +---------+---------+-------+---------+---------+-------+---------
           D:1 |       0 |      43 |   0.0 |       0 |      24 |   0.0 |  1009
           D:2 |       0 |     252 |   0.0 |       0 |      33 |   0.0 |   978
           D:3 |       0 |     175 |   0.0 |       0 |      21 |   0.0 |  1261
           D:4 |       0 |     155 |   0.0 |       0 |      11 |   0.0 |   452
           D:5 |       0 |     214 |   0.0 |       0 |       6 |   0.0 |   855
               +---------+---------+-------+---------+---------+-------+---------
